 Dungeon Crawl Stone Soup version 0.28.0-53-g5a82cb258f (webtiles) character file.

Game seed: 11018414969203013282

501 hawla the Firebug (level 6, -2/32 HPs)
             Began as a Deep Elf Fire Elementalist on June 6, 2022.
             Slain by a yak (16 damage)
             ... on level 5 of the Dungeon.
             The game lasted 00:09:00 (4978 turns).

hawla the Firebug (Deep Elf Fire Elementalist)      Turns: 4978, Time: 00:09:01

Health: -2/32      AC:  2    Str:  7    XL:     6   Next: 95%
Magic:  4/16       EV: 13    Int: 20    God:
Gold:   178        SH:  0    Dex: 15    Spells: 8/15 levels left

rFire   + . .      SeeInvis .   b - staff of death
rCold   . . .      Faith    .   (no shield)
rNeg    + . .      Spirit   .   a - +0 robe
rPois   .          Reflect  .   (no helmet)
rElec   .          Harm     .   (no cloak)
rCorr   .          Rampage  .   (no gloves)
Will    .....                   (no boots)
Stlth   +++.......              (no amulet)
HPRegen 0.10/turn               d - ring of protection from fire
MPRegen 0.15/turn               l - ring of flight

@: flying
A: no striking features
a: no special abilities


You were on level 5 of the Dungeon.
You visited 1 branch of the dungeon, and saw 5 of its levels.

You collected 178 gold pieces.

Inventory:

Missiles
 f - 3 poisoned darts
Armour
 a - a +0 robe (worn)
Magical Staves
 b - a staff of death (weapon)
Jewellery
 d - a ring of protection from fire (left hand)
 l - a ring of flight (right hand)
 m - an amulet of magic regeneration
 p - an amulet of guardian spirit
Wands
 o - a wand of paralysis (5)
Scrolls
 i - a scroll of amnesia {unknown}
 j - a scroll of vulnerability {unknown}
 k - a scroll of blinking
 n - a scroll of fear {unknown}
Potions
 c - a potion of haste
 e - 3 potions of curing {unknown}
 g - 3 potions of flight {unknown}
 h - a potion of magic


   Skills:
 + Level 3.2 Dodging
 - Level 3.8 Stealth
 - Level 5.4 Spellcasting
 * Level 2.2 Conjurations
 + Level 1.0 Necromancy
 * Level 6.4 Fire Magic
 + Level 1.0 Evocations


You had 8 spell levels left.
You knew the following spells:

 Your Spells              Type           Power      Damage    Failure   Level
a - Foxfire               Conj/Fire      88%        2x1d8     1%          1
b - Scorch                Fire           62%        2d8       1%          2
c - Flame Wave            Conj/Fire      22%        2d7       19%         4

Your spell library contained the following spells:

 Spells                   Type           Power      Damage    Failure   Level
 Conjure Flame            Conj/Fire      22%        6-21      5%          3
 Inner Flame              Hex/Fire       18%        N/A       9%          3
 Ensorcelled Hibernation  Hex/Ice        10%        N/A       17%         2
 Passwall                 Tmut/Erth      4%         N/A       17%         2
 Swiftness                Air            5%         N/A       32%         3
 Tukima's Dance           Hex            5%         N/A       32%         3
 Passage of Golubria      Tloc           5%         N/A       73%         4
 Yara's Violent Unravell  Hex/Tmut       2%         3d3       97%         5


Dungeon Overview and Level Annotations

Branches:
Dungeon (5/15)
 Temple: D:4-7

Altars:

Shops:
D:1 [


Message History

Confirm with . or Enter, or press ? or * to list all spells.
The spell is extremely dangerous to miscast (24% risk of failure)!
Continue anyway?
Casting: Flame Wave (extremely dangerous; 24% risk of failure)
Press: ? - help, Dir - look around, f - activate A wave of flame ripples out!
The flame wave engulfs the yak!
The yak is severely wounded. (Press . to intensify the flame waves.)
The yak gores you.
There are no items here.
A wave of flame ripples out!
The flame wave engulfs the yak.
The yak is almost dead.
The flame wave engulfs the yak!
The yak is heavily wounded.
The yak misses you.
A wave of flame ripples out!
The flame wave engulfs the yak.
You kill the yak!
The flame wave engulfs the yak.
The yak is heavily wounded.
The flame wave engulfs the yak.
The yak is lightly wounded.
You finish channelling waves of flame.
The yak closely misses you.
Your Conjurations skill increases to level 2!
Your Fire Magic skill increases to level 6!
Casting: Flame Wave (extremely dangerous; 19% risk of failure)
Confirm with . or Enter, or press ? or * to list all spells.
The spell is extremely dangerous to miscast (19% risk of failure)!
Continue anyway?
Casting: Flame Wave (extremely dangerous; 19% risk of failure)
Press: ? - help, Dir - look around, f - activate A wave of flame ripples out!
The flame wave engulfs the yak but does no damage.
The yak is heavily wounded. (Press . to intensify the flame waves.)
The yak gores you!
A wave of flame ripples out!
The flame wave engulfs the yak.
The yak is lightly wounded.
The flame wave engulfs the yak.
The yak is severely wounded.
The yak gores you! x2
Ouch! That really hurt!
You die...

...## ..... #... .
#..### .. ####
.....#... .. #..##
#........ ..
#.<.###......# #.
#...#..@Y....# ##.
#.......Y.....>
.###..
#.........##.......
......
...........#####...
......
..(..........##. [>
......
.........###.....
..........
.....#..###.....##
....#....
....###..#.#.....#
#...#.... ....
#..........#
#........


You could see 2 yaks.

Vanquished Creatures
  A yak (D:5)
  An ice beast (D:5)
  A phantom (D:4)
  A jelly (D:5)
  A hound (D:5)
  A centaur skeleton (D:4)
  A hound skeleton (D:4)
  3 adders
  A worm (D:3)
  A dart slug (D:2)
  An orc (D:4)
  3 bats
  5 endoplasms
  5 giant cockroaches
  8 hobgoblins
  3 jackals (D:4)
  6 quokkas
  5 ball pythons
  2 frilled lizards (D:1)
  7 goblins
  6 kobolds
  7 rats
70 creatures vanquished.

Vanquished Creatures (others)
  145 foxfires
145 creatures vanquished.

Grand Total: 215 creatures vanquished

Notes
Turn   | Place    | Note
-------+----------+-------------------------------------------
     0 | D:1      | hawla the Deep Elf Fire Elementalist began the quest for
                  | the Orb.
     0 | D:1      | Reached XP level 1. HP: 10/10 MP: 6/6
   304 | D:1      | Reached XP level 2. HP: 6/15 MP: 5/8
   640 | D:1      | Found Mangi's Antique Armour Emporium.
   716 | D:1      | Found a faded altar of an unknown god.
   776 | D:1      | Learned a level 2 spell: Scorch
   887 | D:1      | You fall into a shaft and drop 1 floor!
  1334 | D:1      | Reached XP level 3. HP: 18/19 MP: 4/9
  2417 | D:3      | Reached skill level 4 in Fire Magic
  3008 | D:3      | Reached XP level 4. HP: 20/24 MP: 5/11
  3845 | D:4      | Reached skill level 1 in Necromancy
  4154 | D:4      | Noticed a phantom
  4160 | D:4      | Killed a phantom
  4161 | D:4      | Reached skill level 5 in Fire Magic
  4161 | D:4      | Reached skill level 1 in Evocations
  4161 | D:4      | Reached XP level 5. HP: 18/28 MP: 0/13
  4656 | D:5      | Entered Level 5 of the Dungeon
  4690 | D:5      | Reached skill level 5 in Spellcasting
  4690 | D:5      | Reached XP level 6. HP: 32/32 MP: 4/15
  4806 | D:5      | Noticed a yak
  4812 | D:5      | Noticed a yak
  4814 | D:5      | Noticed a yak
  4878 | D:5      | Noticed an ice beast
  4884 | D:5      | Killed an ice beast
  4964 | D:5      | Learned a level 4 spell: Flame Wave
  4976 | D:5      | Killed a yak
  4977 | D:5      | Reached skill level 6 in Fire Magic
  4978 | D:5      | Slain by a yak

Illustrated notes

Levels and vault maps discovered:
D:1:      elethiomel_arrival_quiet, layout_basic, serial_shops, shop_coins,
          basic_ecumenical_altar
D:2:      layout_basic, minmay_misc_feat_roman, minmay_misc_feat_square
D:3:      layout_loops_corners, gup_sewer_entry_glass
D:4:      layout_gridville
D:5:      layout_cave_pools, nicolae_elevator_lobby_asterisk

Skill      XL: |  1  2  3  4  5  6 |
---------------+-------------------+-----
Dodging        | 3 |  3.2
Stealth        | 3 |  3.8
Fire Magic     | 4 5 6 |  6.4
Necromancy     | 1 |  1.0
Spellcasting   | 4 5 |  5.4
Evocations     | 1 |  1.0
Conjurations   | 2 |  2.2

Action                   |  1- 3 |  4- 6 || total
-------------------------+-------+-------++-------
Melee: Unarmed           |     9 |       ||     9
       Staff             |     1 |     8 ||     9
 Cast: Foxfire           |    58 |    29 ||    87
       Scorch            |    19 |    29 ||    48
       Flame Wave        |       |     2 ||     2
  Use: Scroll            |     6 |     2 ||     8
 Stab: Sleeping          |     5 |     1 ||     6
Armor: Robe              |     4 |     2 ||     6
Dodge: Dodged            |    27 |    31 ||    58
